Map: [ESL] Ancient Cistern

Players

GunGFuBanDa

  • Race: Protoss Protoss
  • Spawn Location: 7:00

goblin - Winner!

  • Race: Protoss Protoss
  • Spawn Location: 1:00

Event: ESL SC2 Masters 2023 Summer (Regionals)

VOD

Have the link to the VOD?

Description

Time

  • Played on: May 3, 2023, 11:59 a.m.
  • Length: 14:30

All games in this series

Show
View Real Time Build Order
Export as new Build Order

GunGFuBanDa Protoss 

Build Orders: Blink Stalkers 

Get SALT Encoding   

  12  0:00  Probe  
  13  0:12  Probe  
  14  0:17  Pylon  
  14  0:24  Probe (Chrono Boost)  
  16  0:36  Gateway  
  16  0:37  Probe (Chrono Boost)  
  16  0:43  Probe (Chrono Boost)  
  16  0:46  Assimilator  
  17  0:51  Probe  
  17  0:56  Assimilator  
  18  1:03  Probe (Chrono Boost)  
  19  1:07  Gateway  
  19  1:13  Probe (Chrono Boost)  
  19  1:18  Probe (Chrono Boost)  
  20  1:23  Cybernetics Core  
  21  1:30  Probe  
  22  1:34  Pylon  
  22  1:42  Probe  
  23  1:54  Probe  
  23  1:58  Warp Gate (Chrono Boost)  
  23  2:00  Stalker, Sentry  
  28  2:13  Probe, Pylon  
  29  2:34  Nexus  
  29  2:42  Probe  
  30  2:47  Stalker  
  32  2:53  Stalker  
  32  2:55  Probe  
  35  3:05  Pylon  
  35  3:07  Probe (Chrono Boost)  
  36  3:19  Probe (Chrono Boost), Twilight Council  
  37  3:25  Probe (Chrono Boost)  
  38  3:33  Probe  
  39  3:41  Adept x2  
  39  3:45  Probe  
  45  3:48  Probe  
  45  3:57  Probe  
  45  3:59  Blink (Chrono Boost)  
  45  4:00  Dark Shrine, Probe  
  48  4:10  Probe  
  48  4:12  Probe  
  48  4:14  Stalker  
  51  4:22  Probe  
  52  4:24  Probe  
  52  4:25  Stalker  
  55  4:34  Probe  
  56  4:44  Probe  
  55  4:47  Assimilator  
  55  4:48  Probe, Shield Battery  
  55  4:49  Robotics Facility  
  55  4:50  Stalker  
  55  4:51  Stalker  
  58  4:53  Pylon  
  58  5:02  Gateway x2  
  58  5:03  Probe x2  
  60  5:15  Dark Templar  
  62  5:26  Dark Templar  
  64  5:30  Shield Battery  
  64  5:33  Immortal (Chrono Boost)  
  68  5:45  Pylon  
  68  5:50  Stalker  
  68  5:56  Probe  
  68  5:57  Probe  
  68  6:02  Pylon  
  69  6:04  Observer  
  69  6:05  Observer x2 (Chrono Boost), Stalker x2  
  69  6:09  Stalker  
  76  6:23  Nexus, Pylon  
  76  6:29  Probe x2  
  78  6:37  Forge  
  76  6:41  Probe x2  
  76  6:42  Stalker x3  
  76  6:43  Dark Templar  
  86  6:49  Gateway  
  86  6:53  Probe, Charge (Chrono Boost)  
  87  6:55  Gateway  
  87  7:03  Probe  
  87  7:05  Probe  
  87  7:07  Pylon  
  89  7:10  Pylon  
  90  7:15  Probe  
  90  7:18  Probe  
  91  7:26  Protoss Ground Weapons Level 1 (Chrono Boost)  
  91  7:27  Probe  
  91  7:29  Shield Battery  
  92  7:30  Probe  
  92  7:35  Probe  
  94  7:37  Photon Cannon  
  94  7:39  Probe, Pylon  
  94  7:42  Photon Cannon  
  94  7:43  Stalker x4  
  103  7:44  Pylon  
  103  7:53  Probe  
  103  7:54  Photon Cannon  
  104  8:01  Gateway x2, Stalker  
  104  8:02  Stalker  
  108  8:13  Stalker x4  
  116  8:29  Probe  
  116  8:30  Probe  
  116  8:45  Zealot x6  
  129  8:48  Probe  
  129  8:49  Photon Cannon  
  129  8:53  Pylon, Immortal  
  133  9:00  Shield Battery  
  129  9:09  Stalker x3  
  133  9:17  Protoss Ground Weapons Level 2 (Chrono Boost)  
  126  9:18  Probe (Chrono Boost)  
  126  9:22  Zealot x5  
  126  9:23  Probe x2 (Chrono Boost)  
  137  9:27  Probe (Chrono Boost)  
  137  9:31  Probe x2 (Chrono Boost)  
  138  9:33  Observer  
  130  9:44  Zealot x6  
  138  9:47  Zealot  
  138  9:52  Zealot  
  100  10:14  Zealot x3  
  100  10:15  Zealot x5  
  110  10:21  Warp Prism (Chrono Boost)  
  110  10:33  Probe  
  111  10:35  Dark Templar x2  
  111  10:36  Dark Templar  
  111  10:37  Dark Templar  
  111  10:41  Nexus  
  111  10:42  Probe  
  120  10:43  Pylon  
  120  10:44  Probe  
  120  10:46  Shadow Stride (Chrono Boost)  
  120  10:47  Probe  
  122  10:53  Zealot x3  
  122  10:56  Stalker  
  130  11:03  Probe, Photon Cannon  
  127  11:22  Zealot x7  
  127  11:32  Protoss Ground Weapons Level 3 (Chrono Boost)  
  119  11:44  Stalker x3  
  119  11:45  Zealot x5  
  135  11:49  Probe  
  135  11:53  Shield Battery  
  136  12:03  Probe x2  
  136  12:08  Assimilator  
  134  12:13  Dark Templar x3  
  139  12:15  Zealot x4  
  147  12:28  Stalker  
  149  12:40  Stalker  
  149  12:41  Stalker x3  
  132  12:54  Dark Templar  
  132  12:55  Zealot  
  132  12:56  Probe x2, Zealot x2  
  104  13:10  Zealot x2, Dark Templar  
  106  13:15  Immortal (Chrono Boost)  
  110  13:20  Zealot x4  
  106  13:39  Zealot x3  
  106  13:40  Zealot x4  
  106  13:54  Stalker  
  108  13:57  Photon Cannon  
  108  13:58  Shield Battery  
  108  14:03  Photon Cannon  
  104  14:11  Zealot  
  104  14:12  Zealot x6  
Show
View Real Time Build Order
Export as new Build Order

goblin Protoss - Winner!

Build Orders: 1 Gate Expand, Blink Stalkers 

Get SALT Encoding   

  12  0:00  Probe  
  13  0:12  Probe  
  14  0:19  Pylon  
  14  0:24  Probe (Chrono Boost)  
  15  0:37  Gateway  
  15  0:38  Probe (Chrono Boost)  
  16  0:46  Probe (Chrono Boost)  
  16  0:47  Assimilator  
  17  0:52  Probe  
  18  1:04  Probe  
  19  1:19  Nexus  
  19  1:22  Probe  
  20  1:32  Cybernetics Core  
  20  1:36  Probe  
  21  1:41  Assimilator  
  21  1:48  Probe  
  21  1:54  Pylon  
  22  2:00  Probe (Chrono Boost)  
  23  2:09  Stalker (Chrono Boost)  
  23  2:10  Warp Gate  
  23  2:12  Probe (Chrono Boost)  
  26  2:18  Probe  
  26  2:22  Shield Battery  
  27  2:31  Stalker  
  27  2:32  Probe  
  27  2:34  Probe  
  30  2:46  Probe (Chrono Boost)  
  32  2:52  Probe (Chrono Boost)  
  32  2:55  Probe (Chrono Boost)  
  32  2:56  Twilight Council  
  33  2:59  Probe (Chrono Boost)  
  33  3:01  Probe, Sentry  
  37  3:10  Probe  
  38  3:13  Probe, Pylon  
  38  3:18  Gateway  
  39  3:23  Probe  
  39  3:25  Probe (Chrono Boost)  
  39  3:26  Blink (Chrono Boost)  
  41  3:37  Probe (Chrono Boost)  
  41  3:40  Probe (Chrono Boost)  
  43  3:46  Probe (Chrono Boost)  
  43  3:47  Robotics Facility  
  45  3:48  Probe (Chrono Boost)  
  45  3:51  Gateway  
  45  3:52  Assimilator  
  45  3:54  Probe  
  46  3:58  Stalker  
  46  3:59  Probe  
  49  4:07  Probe, Pylon  
  50  4:13  Stalker  
  52  4:17  Shield Battery  
  52  4:18  Probe  
  52  4:19  Probe  
  54  4:32  Stalker  
  54  4:35  Observer  
  54  4:36  Nexus  
  54  4:37  Shield Battery  
  55  4:48  Probe  
  55  4:49  Stalker x2  
  60  4:55  Pylon  
  60  4:57  Observer (Chrono Boost)  
  61  5:01  Pylon  
  61  5:06  Probe  
  62  5:13  Probe, Stalker x2  
  62  5:14  Stalker  
  69  5:19  Probe, Warp Prism  
  72  5:25  Forge  
  72  5:33  Probe x2  
  74  5:39  Stalker x2  
  78  5:44  Pylon  
  78  5:57  Protoss Ground Weapons Level 1 (Chrono Boost)  
  78  6:07  Stalker x3  
  78  6:08  Immortal (Chrono Boost)  
  78  6:09  Probe  
  89  6:14  Gateway  
  89  6:16  Gateway  
  89  6:17  Probe x2  
  91  6:21  Probe  
  91  6:24  Dark Shrine  
  92  6:29  Probe  
  92  6:30  Probe  
  93  6:33  Probe  
  93  6:36  Stalker  
  94  6:40  Observer  
  94  6:41  Probe  
  94  6:43  Stalker x2  
  94  6:45  Photon Cannon  
  100  6:49  Shield Battery  
  100  6:50  Pylon  
  100  6:56  Gateway  
  100  7:00  Probe  
  101  7:02  Assimilator  
  103  7:08  Probe x2  
  103  7:09  Stalker  
  103  7:10  Stalker x2  
  109  7:16  Probe  
  109  7:20  Probe  
  109  7:29  Pylon  
  109  7:31  Pylon x2  
  109  7:32  Pylon  
  109  7:38  Pylon  
  109  7:41  Protoss Ground Weapons Level 2 (Chrono Boost)  
  109  7:47  Probe  
  109  7:49  Dark Templar  
  109  7:50  Gateway  
  112  7:51  Dark Templar  
  112  7:52  Assimilator  
  112  7:57  Pylon  
  112  7:58  Dark Templar  
  116  8:00  Zealot x3  
  116  8:01  Probe  
  116  8:02  Probe x2  
  116  8:05  Pylon  
  125  8:14  Probe  
  125  8:15  Probe x2  
  126  8:25  Stalker x5  
  136  8:31  Nexus  
  136  8:33  Pylon, Stalker  
  138  8:50  Stalker x6  
  150  9:00  Probe x3  
  150  9:02  Charge  
  153  9:09  Observer (Chrono Boost)  
  152  9:12  Probe  
  152  9:15  Stalker x4  
  155  9:27  Stalker x3  
  155  9:29  Photon Cannon  
  157  9:36  Protoss Ground Weapons Level 3 (Chrono Boost)  
  151  9:45  Photon Cannon  
  151  9:47  Shield Battery  
  151  9:50  Stalker  
  151  9:51  Zealot, Stalker  
  151  9:52  Zealot x4  
  151  10:08  Observer  
  151  10:09  Gateway  
  135  10:14  Gateway  
  135  10:15  Gateway  
  135  10:18  Stalker x5  
  137  10:33  Stalker x2  
  137  10:34  Immortal  
  139  10:41  Assimilator  
  139  10:42  Assimilator, Shadow Stride (Chrono Boost)  
  143  10:43  Pylon  
  143  10:45  Photon Cannon  
  143  10:49  Pylon, Stalker x3  
  149  11:09  Stalker  
  149  11:10  Stalker x5  
  157  11:20  Observer  
  157  11:23  Zealot x2  
  157  11:24  Zealot  
  153  11:29  Stalker  
  153  11:31  Immortal (Chrono Boost)  
  155  11:33  Photon Cannon  
  155  11:38  Probe x2  
  161  11:44  Photon Cannon  
  161  11:46  Pylon, Dark Templar  
  161  11:47  Dark Templar x3  
  165  11:50  Stalker  
  165  11:53  Protoss Ground Armor Level 1 (Chrono Boost)  
  171  11:55  Zealot x3  
  171  11:59  Probe x2  
  179  12:18  Zealot x6  
  179  12:19  Zealot  
  193  12:32  Nexus  
  193  12:38  Pylon  
  193  12:50  Zealot x7  
  198  12:51  Observer (Chrono Boost)  
  173  13:06  Probe  
  173  13:07  Probe x2  
  173  13:09  Observer (Chrono Boost)  
  171  13:18  Photon Cannon  
  165  13:20  Photon Cannon  
  165  13:26  Probe x2 (Chrono Boost)  
  159  13:31  Probe (Chrono Boost)  
  159  13:33  Probe (Chrono Boost)  
  159  13:34  Dark Templar x2, Photon Cannon  
  160  13:35  Pylon  
  160  13:38  Stalker x8  
  174  13:44  Probe x2  
  174  13:48  Probe x2 (Chrono Boost)  
  179  13:59  Observer (Chrono Boost)  
  179  14:00  Probe (Chrono Boost)  
  179  14:02  Probe (Chrono Boost)  
  174  14:18  Stalker x3  
  180  14:19  Stalker x3  
Tags
 
Add a new tag
Caveats
  • Supply blocks, unpowered buildings, or Contaminate may cause inaccurate times.
  • Supply counts are checked every 10 seconds.